 Seeded DCSS version 0.25-a0-464-g3004169 (webtiles) character file.

Game seed: 6182461587212440505, levelgen mode: deterministic

2853578 araganzar the Hoplite (level 27, 246/246 HPs)
             Began as a Barachi Hunter on Feb 3, 2020.
             Was the Champion of Okawaru.
             Escaped with the Orb
             ... and 5 runes on Feb 4, 2020!
             The game lasted 06:23:13 (84665 turns).

araganzar the Hoplite (Barachi Hunter)             Turns: 84665, Time: 06:23:14

Health: 246/246    AC: 47    Str: 28    XL:     27
Magic:  46/46      EV: 19    Int: 22    God:    Okawaru [******]
Gold:   9901       SH: 37    Dex: 16    Spells: 34/64 levels left

rFire    + + +     SeeInvis +   b - +9 double sword (freeze) {not a tooth}
rCold    + + .     Gourm    .   g - +10 large shield of Ignorance {rN+ Int-4}
rNeg     + . .     Faith    .   l - +9 gold dragon scales
rPois    +         Spirit   .   j - +1 helmet of Anaesthesia {Regen+ rCorr SInv Stlth-}
rElec    +         Reflect  .   J - +2 cloak {+Inv}
rCorr    +         Harm     .   G - +1 pair of gloves of Qoshros {MR+ Int+4}
MR       +++..     Clarity  +   E - +2 pair of boots {run}
Stlth    ..........             N - amulet "Omu Vaca" {RegenMP rF++ rC- Int+4}
HPRegen  0.91/turn              f - ring "Neupn" {*Drain rElec rC+ Str+4 Int+4}
MPRegen  0.55/turn              R - ring "Ytul" {*Drain rC+ Str+3 Slay+6 Stlth+}

@: lightly drained
A: +LOS, swims, rugged brown scales 1, thin skeletal structure 1, clarity,
clumsy 1, poison resistance, slowness 1, strong legs 2
0: Orb of Zot
}: 5/15 runes: decaying, slimy, silver, abyssal, gossamer
a: Hop, Heroism, Finesse, Renounce Religion, Evoke Invisibility


You escaped.
You worshipped Okawaru.
Okawaru was exalted by your worship.
You were very full.

You visited 12 branches of the dungeon, and saw 58 of its levels.
You visited the Abyss 1 time.
You visited 1 bazaar.
You also visited: Volcano.

You collected 12482 gold pieces.
You spent 2581 gold pieces at shops.


Innate Abilities, Weirdness & Mutations

You can be seen from farther away. (+LOS)
You can swim through water.
You cover ground slowly.
You can hop long distances.
You are partially covered in rugged brown scales. (AC +1, +3% HP)
You have a somewhat thin skeletal structure. (Dex +2, Stealth)
You possess an exceptional clarity of mind.
You are clumsy. (Dex -2)
Your system is resistant to poisons. (rPois)


   Skills:
 + Level 24.3(24.2) Fighting
 - Level 2.1(10.0) Short Blades
 - Level 15.9 Long Blades
 - Level 10.3(10.2) Crossbows
 - Level 22.0(21.8) Armour
 - Level 22.0(21.9) Dodging
 - Level 5.5(5.4) Stealth
 - Level 25.0(24.8) Shields
 - Level 19.1(19.0) Spellcasting
 - Level 8.0(7.9) Hexes
 - Level 8.0(7.9) Charms
 - Level 5.0(4.9) Summonings
 - Level 12.0(11.9) Necromancy
 - Level 8.0(7.9) Translocations
 - Level 10.0(9.9) Earth Magic
 - Level 8.0(7.9) Invocations
 - Level 10.5(10.4) Evocations


You had 34 spell levels left.
You knew the following spells:

 Your Spells              Type           Power        Failure   Level  Hunger
a - Animate Skeleton      Necr           N/A          1%          1    None
b - Blink                 Tloc           N/A          1%          2    None
c - Corpse Rot            Necr/Air       N/A          3%          2    None
d - Passage of Golubria   Tloc           N/A          9%          4    None
o - Apportation           Tloc           ######       1%          1    None
p - Portal Projectile     Hex/Tloc       ######       2%          3    None
v - Borgnjor's Vile Clut  Necr/Erth      ######....   8%          5    None
w - Passwall              Tmut/Erth      #####...     4%          2    None
z - Spectral Weapon       Hex/Chrm       ######..     2%          3    None
A - Animate Dead          Necr           N/A          1%          4    None
B - Summon Butterflies    Summ           #####...     3%          1    None
S - Song of Slaying       Chrm           ######..     1%          2    None

Your spell library contained the following spells:

 Spells                   Type           Power        Failure   Level  Hunger
 Corona                   Hex            ######.      1%          1    None
 Pain                     Necr           ####         1%          1    None
 Sandblast                Erth           ######       1%          1    None
 Slow                     Hex            ######..     1%          2    None
 Vampiric Draining        Necr           ######....   1%          3    None
 Confusing Touch          Hex            ######..     2%          3    None
 Gell's Gravitas          Tloc           ######....   2%          3    None
 Tukima's Dance           Hex            ######..     2%          3    None
 Summon Small Mammal      Summ           ####         3%          1    None
 Call Imp                 Summ           #####...     4%          2    None
 Recall                   Summ/Tloc      N/A          4%          3    None
 Summon Guardian Golem    Hex/Summ       #####...     4%          3    None
 Agony                    Necr           ######..     4%          5    None
 Leda's Liquefaction      Hex/Erth       ######....   6%          4    None
 Ensorcelled Hibernation  Hex/Ice        #####.       7%          2    None
 Swiftness                Chrm/Air       #####...     7%          2    None
 Cause Fear               Hex            ######....   9%          4    None
 Call Canine Familiar     Summ           #####...     10%         3    None
 Stone Arrow              Conj/Erth      #####.       10%         3    None
 Excruciating Wounds      Chrm/Necr      ######....   11%         5    None
 Lee's Rapid Deconstruct  Erth           ######....   11%         5    None
 Dazzling Flash           Conj/Hex       #####.       14%         3    None
 Inner Flame              Hex/Fire       #####...     14%         3    None
 Ozocubu's Armour         Chrm/Ice       #####...     14%         3    None
 Freeze                   Ice            ###.         24%         1    None
 Magic Dart               Conj           ###.         24%         1    None
 Shock                    Conj/Air       ###.         24%         1    None
 Sting                    Tmut/Pois      ###.         24%         1    None
 Death Channel            Necr           ######....   26%         6    ####...
 Petrify                  Tmut/Erth      #####...     30%         4    None
 Poisonous Vapours        Pois/Air       ###...       34%         2    None
 Searing Ray              Conj           ###...       34%         2    None
 Sticks to Snakes         Tmut           ###.....     34%         2    None
 Fulminant Prism          Conj/Hex       #####.....   43%         4    None
 Iskenderun's Mystic Bla  Conj/Tloc      #####...     43%         4    None
 Summon Mana Viper        Hex/Summ       #####...     43%         5    None
 Conjure Flame            Conj/Fire      ###.....     56%         3    None
 Ignite Poison            Fire/Tmut/Pois ###.....     56%         3    None
 Mephitic Cloud           Conj/Pois/Air  ###.....     56%         3    None
 Static Discharge         Conj/Air       ###.....     56%         3    None
 Summon Ice Beast         Ice/Summ       ####....     65%         4    None
 Summon Lightning Spire   Summ/Air       ####....     65%         4    None
 Aura of Abjuration       Summ           #####.....   65%         5    None
 Iskenderun's Battlesphe  Conj/Chrm      #####...     78%         5    None
 Metabolic Englaciation   Hex/Ice        #####.....   78%         5    None
 Silence                  Hex/Air        #####.....   78%         5    None
 Yara's Violent Unravell  Hex/Tmut       #####.....   78%         5    None
 Darkness                 Hex            ######....   80%         6    ####...
 Dispersal                Tloc           ######....   80%         6    ####...
 Invisibility             Hex            ######..     80%         6    ####...
 Bolt of Magma            Conj/Fire/Erth #####.....   86%         5    None
 Hailstorm                Conj/Ice       ###.....     93%         4    None
 Olgreb's Toxic Radiance  Pois           ###.....     93%         4    None
 Sticky Flame             Conj/Fire      ###.....     93%         4    None
 Simulacrum               Ice/Necr       #####.....   97%         6    ####...
 Iron Shot                Conj/Erth      #####.....   99%         6    ####...
 Statue Form              Tmut/Erth      #####....    99%         6    ####...
 Alistair's Intoxication  Tmut/Pois      ###.....     100%        5    None
 Irradiate                Conj/Tmut      ###.......   100%        5    None
 Lightning Bolt           Conj/Air       ###.......   100%        5    None
 Conjure Ball Lightning   Conj/Air       ###.......   100%        6    ####...
 Deflect Missiles         Chrm/Air       #####.....   100%        6    ####...
 Eringya's Noxious Bog    Tmut/Pois      ###.......   100%        6    ####...
 Hydra Form               Tmut           ###.......   100%        6    ####...
 Ozocubu's Refrigeration  Ice            ###.......   100%        6    ####...
 Starburst                Conj/Fire      ###.......   100%        6    ####...
 Dragon Form              Tmut           ###.......   100%        7    #####..
 Malign Gateway           Summ/Tloc      #####.....   100%        7    #####..
 Monstrous Menagerie      Summ           #####.....   100%        7    #####..
 Orb of Destruction       Conj           ###.......   100%        7    #####..
 Ring of Flames           Chrm/Fire      #####.....   100%        7    #####..
 Spellforged Servitor     Conj/Summ      ####......   100%        7    #####..
 Summon Greater Demon     Summ           #####.....   100%        7    #####..
 Summon Hydra             Summ           #####.....   100%        7    #####..
 Controlled Blink         Tloc           N/A          100%        8    #######
 Discord                  Hex            ######....   100%        8    #######
 Disjunction              Tloc           ######....   100%        8    #######
 Ignition                 Fire           ###.......   100%        8    #######
 Necromutation            Tmut/Necr      #####.....   100%        8    #######
 Summon Horrible Things   Summ           #####.....   100%        8    #######
 Dragon's Call            Summ           #####.....   100%        9    #######
 Shatter                  Erth           ######....   100%        9    #######
 Tornado                  Air            ###.......   100%        9    #######

Inventory:

Hand Weapons
 a - the +7 hand crossbow of the Orcish Mines {venom, Int+4}
   (Okawaru gifted it to you on level 2 of the Vaults)

   It poisons the ammo it fires.
   It affects your intelligence (+4).
 b - a +9 double sword of freezing (weapon) {not a tooth}
   (You acquired it on level 1 of the Lair of Beasts)
 w - the +12 Vampire's Tooth {vamp}
   (You took it off a guardian mummy on level 3 of the Crypt)

   It inflicts no extra harm, but heals its wielder when it wounds a living foe.
Missiles
 d - 1959 bolts
 M - 4 throwing nets (quivered) {=f, !d}
Armour
 g - the +10 large shield of Ignorance (worn) {rN+ Int-4}
   (You bought it in a shop on level 2 of the Orcish Mines)

   It affects your intelligence (-4).
   It protects you from negative energy.
   If you remove this armour, your AC will rise 0 points (47 -> 47)
 i - the +0 pair of boots of Okawaru's Hope {MR++ Int+2}
   (Okawaru gifted it to you on level 1 of the Crypt)

   It affects your intelligence (+2).
   It affects your resistance to hostile enchantments.
   If you switch to wearing this armour, your AC will fall 2 points (47 -> 45)
 j - the +1 helmet of Anaesthesia (worn) {Regen+ rCorr SInv Stlth-}
   (You found it on level 5 of the Vaults)

   It lets you see invisible.
   It increases your rate of regeneration.
   It provides partial protection from all sources of acid and corrosion.
   It makes you less stealthy.
   If you remove this armour, your AC will fall 3 points (47 -> 44)
 l - +9 gold dragon scales (worn)
   (You found it on level 4 of the Depths)
 E - a +2 pair of boots of running (worn)
   (You found it in a volcano)
 G - the +1 pair of gloves of Qoshros (worn) {MR+ Int+4}
   (Okawaru gifted it to you on level 3 of the Abyss)

   It affects your intelligence (+4).
   It affects your resistance to hostile enchantments.
   If you remove this armour, your AC will fall 3 points (47 -> 44)
 J - a +2 cloak of invisibility (worn)
   (You took it off a draconian annihilator on level 4 of the Realm of Zot)
Jewellery
 f - the ring "Neupn" (left hand) {*Drain rElec rC+ Str+4 Int+4}
   (You took it off a deep elf sorcerer on level 3 of the Elven Halls)

   [ring of intelligence]

   It affects your strength (+4).
   It affects your intelligence (+4).
   It protects you from cold.
   It insulates you from electricity.
   It causes draining when unequipped.
 n - a +5 amulet of reflection
   (You took it off a wight on level 3 of the Crypt)
 N - the amulet "Omu Vaca" (around neck) {RegenMP rF++ rC- Int+4}
   (You found it on level 3 of the Crypt)

   [amulet of magic regeneration]

   It increases your magic regeneration.
   It affects your intelligence (+4).
   It greatly protects you from fire.
   It makes you vulnerable to cold.
 R - the ring "Ytul" (right hand) {*Drain rC+ Str+3 Slay+6 Stlth+}
   (You found it on level 7 of the Dungeon)

   [ring of protection from cold]

   It affects your strength (+3).
   It affects your accuracy and damage with ranged weapons and melee attacks
   (+6).
   It protects you from cold.
   It causes draining when unequipped.
   It makes you more stealthy.
Wands
 u - a wand of clouds (6)
   (You found it on level 3 of the Lair of Beasts)
 v - a wand of digging (8)
   (You found it on level 5 of the Vaults)
 L - a wand of scattershot (6)
   (You took it off an orc wizard on level 8 of the Dungeon)
 S - a wand of acid (10)
   (You found it on level 3 of the Swamp)
 V - a wand of disintegration (45)
   (You found it on level 6 of the Lair of Beasts)
Scrolls
 c - 7 scrolls of blinking {!r}
 e - 17 scrolls of identify
 h - a scroll of magic mapping {!r}
 q - 26 scrolls of teleportation
 r - 3 scrolls of fog
 y - 6 scrolls of fear
 z - 4 scrolls of silence
 B - a scroll of summoning
 I - 26 scrolls of remove curse
Potions
 k - a potion of invisibility
 m - 8 potions of flight
 p - 7 potions of heal wounds
 s - 10 potions of brilliance
 x - 22 potions of curing
 A - 3 potions of resistance
 D - a potion of haste
 F - 6 potions of magic
 O - 7 potions of berserk rage {!q}
 U - 3 potions of agility
 W - 2 potions of might
 X - 3 potions of cancellation
Miscellaneous
 t - a phial of floods
   (You found it on level 2 of the Lair of Beasts)
 H - a fan of gales
   (You found it on level 1 of the Realm of Zot)
 Q - 3 sacks of spiders
 T - 2 phantom mirrors
 Y - a lamp of fire
   (You found it on level 3 of the Elven Halls)
Comestibles
 C - 78 rations

######.........(# #.#
#.#.... .....#.......####
#.# #.#####
......####.'###########.#
#....# ....#.#
#.8.≈≈≈≈≈≈≈≈##.# ####.#
....#.#####.≈≈≈.....≈≈#.#
#.#
........###.≈≈..≈≈≈..≈#.#
#.#
..........#.≈..≈≈≈≈≈..#.#
#.#
........#.'.≈.≈≈...≈≈.#.#
#.#
........#.'.≈..≈@≈..≈.'.#
#.#
###.....###.≈(...≈≈.≈.'.#
#.# ###...(.#
#..≈≈≈≈≈..≈.#.# #.#
...####.# #≈..≈≈≈..≈≈.#.#
#.# ...####.#
#≈≈.....≈≈≈.#.# #.#
........####≈≈≈≈(≈≈≈.8..#
#.# .........#
##########2..# #.#
##.....#.# #..........##
#.# ##.....#.#
#.###......# #.#


You could see a lorocyproca (invisible).


Message History

A toenail golem comes into view.
You regained 25 hp, and now have 244/246 hp.
There is a stone staircase leading up here.
You see here an arrow.
Health restored: 246 You climb upwards.
There is a stone staircase leading down here.
(D) Dungeon (T) Temple (L) Lair (S) Swamp (N) Spider Nest (M) Slime Pits (O) Orcish Mines (E) Elven Halls (V) Vaults (C) Crypt (W) Tomb (U) Depths (H) Hell (Z) Zot
Where to? (Enter - D:1, ? - help)
There is a stone staircase leading up here.
You climb upwards.
There is a stone staircase leading down here.
There is a stone staircase leading up here.
You climb upwards.
There is a stone staircase leading down here.
Things that are here:
a +0 leather armour; a +0 hand axe
There is a stone staircase leading up here.
You climb upwards.
There is a stone staircase leading down here.
There is a stone staircase leading up here.
You see here a +0 club.
You climb upwards.
There is a stone staircase leading down here.
A lorocyproca comes into view.
There is a staircase leading out of the dungeon here.
You have escaped!

Action                   |  1- 3 |  4- 6 |  7- 9 | 10-12 | 13-15 | 16-18 | 19-21 | 22-24 | 25-27 || total
-------------------------+-------+-------+-------+-------+-------+-------+-------+-------+-------++-------
Melee: Short sword       |    69 |       |       |       |       |       |       |       |       ||    69
       Falchion          |       |    94 |   388 |   669 |  1228 |       |       |       |       ||  2379
       Punch             |       |       |     1 |     1 |     1 |       |       |       |       ||     3
       Hand crossbow     |       |       |       |     1 |       |       |       |       |       ||     1
       Scimitar          |       |       |       |     9 |    12 |       |       |       |    18 ||    39
       Long sword        |       |       |       |       |    28 |   343 |       |       |       ||   371
       Double sword      |       |       |       |       |       |   423 |  1178 |  1382 |  2694 ||  5677
       Rapier            |       |       |       |       |       |     2 |       |       |       ||     2
       Quick blade       |       |       |       |       |       |       |       |       |  1515 ||  1515
       Unarmed           |       |       |       |       |       |       |       |       |     2 ||     2
 Fire: Hand crossbow     |    24 |    62 |    74 |   181 |   275 |   878 |   134 |   431 |   689 ||  2748
       Arbalest          |       |       |       |       |    26 |       |       |       |       ||    26
Throw: Dart              |       |       |       |     7 |       |       |       |       |       ||     7
       Throwing net      |       |       |       |       |       |       |       |       |     2 ||     2
 Cast: Animate Skeleton  |       |       |       |       |       |     4 |     8 |    12 |     1 ||    25
       Borgnjor's Vile C |       |       |       |       |       |       |       |       |     3 ||     3
       Portal Projectile |       |       |       |       |       |       |       |       |     1 ||     1
       Spectral Weapon   |       |       |       |       |       |       |       |       |     1 ||     1
Invok: Heroism           |       |     1 |     3 |    21 |    25 |    22 |    24 |    25 |    36 ||   157
       Finesse           |       |       |       |     1 |     2 |       |     1 |     2 |    14 ||    20
 Abil: Evoke Invisibilit |       |       |       |     1 |       |       |       |       |       ||     1
       Hop               |       |       |       |       |       |     1 |       |     1 |     3 ||     5
Evoke: Wand              |       |       |       |     2 |     7 |     5 |     2 |     3 |     9 ||    28
       Lamp of fire      |       |       |       |       |       |       |       |       |     2 ||     2
  Use: Potion            |     4 |       |       |     4 |     3 |     4 |     1 |     4 |    37 ||    57
       Scroll            |       |     4 |     9 |    13 |    12 |    13 |     6 |     8 |    48 ||   113
 Stab: Distracted        |       |       |       |       |     1 |     1 |     1 |     3 |     2 ||     8
       Confused          |       |       |       |       |       |     9 |       |     1 |       ||    10
       Sleeping          |       |       |       |       |       |     1 |       |     3 |     1 ||     5
       Held in net/web   |       |       |       |       |       |       |       |       |     1 ||     1
  Eat: Chunk             |     4 |     6 |    16 |    23 |    31 |    20 |    14 |    22 |    17 ||   153
       Ration            |       |     1 |       |     3 |     4 |     5 |     5 |     3 |    20 ||    41
Armor: Leather armour    |    11 |       |       |     4 |     4 |       |       |       |       ||    19
       Ring mail         |    19 |    45 |    36 |       |       |       |       |       |       ||   100
       Skin              |     5 |       |       |       |       |       |       |       |       ||     5
       Chain mail        |       |       |   193 |   390 |       |       |       |       |       ||   583
       Plate armour      |       |       |       |    44 |   295 |       |       |       |       ||   339
       Fire dragon scale |       |       |       |       |   171 |   558 |   234 |   156 |   175 ||  1294
       Quicksilver drago |       |       |       |       |       |       |       |    35 |     8 ||    43
       Gold dragon scale |       |       |       |       |       |       |       |       |   348 ||   348
Dodge: Dodged            |    55 |   101 |   202 |   386 |   623 |  1056 |   559 |   414 |   893 ||  4289
Block: Buckler           |       |       |       |       |   203 |   363 |       |       |       ||   566
       Shield            |       |       |       |       |       |   107 |   657 |       |       ||   764
       Large shield      |       |       |       |       |       |       |   115 |  1616 |  4249 ||  5980
       Reflection        |       |       |       |       |       |       |       |       |    21 ||    21
       Rpst.: Falchion   |       |    24 |    48 |    92 |   138 |       |       |       |       ||   302
       Scimitar          |       |       |       |     1 |       |       |       |       |     4 ||     5
       Long sword        |       |       |       |       |     2 |    67 |       |       |       ||    69
       Double sword      |       |       |       |       |       |    87 |    94 |    56 |    94 ||   331

Levels and vault maps discovered:
D:1:      psy_arrival_whirlpool, layout_basic
D:2:      layout_basic, minmay_overflow_temple_star_hex, uniq_terence
D:3:      lemuel_castle_with_subvaults [lemuel_castle_interior_original],
          layout_basic
D:4:      layout_basic, dancing_weapons_uskayaw, minmay_temple_entry_hall,
          uniq_robin
D:5:      layout_layer_cave, first_ration
D:6:      layout_basic, uniq_maggie
D:7:      minmay_the_grid_triangle_9x9_recursive_2
          [minmay_the_grid_triangle_9x9_prize_special,
          minmay_the_grid_triangle_9x9_longest,
          minmay_the_grid_triangle_9x9_pentomino_pain,
          minmay_the_grid_triangle_9x9_from_above], layout_rooms, minivault_5
D:8:      kennysheep_big_flooded_room, layout_rooms
D:9:      cheibrodos_histonic, layout_basic, uniq_harold, uniq_joseph
D:10:     layout_stronghold, dpeg_oklobed_lair,
          nicolae_trove_entry_path_of_doom, grunt_tengu_nest, dk_noncrumbling_4,
          minmay_misc_feat_rugged
D:11:     layout_rooms, minmay_orc_entry_temple_small, minmay_misc_feat_alley
D:12:     layout_basic
D:13:     layout_gridville, david_vaults_1, nrook_campfire
D:14:     layout_grid_maze, chequers_serial_rivers_large_a, uniq_agnes
D:15:     gammafunk_depths_entry_grave, layout_loops_ring,
          serial_co_window_serial, co_window_of_opportunity_a,
          co_window_cross_1, co_window_corner_a, co_window_paths_b,
          co_window_corner_a, co_window_paths_a, co_window_cross_1,
          co_window_2corner, co_window_corner_ca, co_window_of_opportunity_b,
          co_window_cross_3, co_window_2corner, co_window_paths_d, basic_altar
Temple:   eino_temple_rhombus
Lair:1:   layout_hall_layers, nicolae_volcano_entry_hallway
Lair:2:   layout_regular_city, serial_bayou_ford_a, wad_woods_06,
          bobbens_dragon_lair_wall, uniq_erica
Lair:3:   layout_regular_city, grunt_forest_large_clearing_hut,
          serial_bayou_shore_b, grunt_megastairs_5, serial_bayou_shore_a,
          lemuel_fruit_tree
Lair:4:   layout_roguey, skrybe_swamp_entry_bodies,
          nicolae_spider_entry_tight_spaces, grunt_megastairs_2
Lair:5:   layout_roguey, slime_altar_1, minmay_stone_trees_medium,
          lemuel_old_faithful, uniq_rupert
Lair:6:   cheibrodos_lair_end_hotspot, layout_loops_ring,
          minmay_lair_oklob_chamber
Swamp:1:  layout_basic_swamp, lemuel_altar_in_water, uniq_josephine,
          uniq_roxanne
Swamp:2:  layout_basic_swamp, evilmike_swamp_ruin_house_5
Swamp:3:  layout_basic_swamp, nicolae_swamp_little_tower,
          infiniplex_staircase_pool
Swamp:4:  swamp_fiery, layout_basic_swamp, swamp_pool2, uniq_aizul
Spider:1: layout_spider_delve, guppyfry_spider_mini_3, uniq_asterion
Spider:2: layout_spider_delve, drop_trap, nicolae_spider_cling_halls
Spider:3: layout_spider_delve, spiders_nest_hornet_nest, uniq_nikola
Spider:4: grunt_spider_rune_circles, hangedman_spider_tarantella_strand,
          uniq_arachne
Slime:1:  layout_caves
Slime:2:  layout_caves, basic_altar, nicolae_slime_welcoming_committee
Slime:3:  layout_caves, cheibrodos_slime_lost_civilization_5
Slime:4:  layout_caves, uniq_dissolution
Slime:5
Orc:1:    layout_diamond_mine
Orc:2:    st_orc_elflike, layout_diamond_mine
Elf:1:    layout_geoelf_grid, basic_altar, orc_legates
Elf:2:    layout_gridlike, laboratory
Elf:3:    minmay_elf_hall_spiked, layout_geoelf_octagon
Vaults:1: ontoclasm_vaults_chip, v_misc_9, nicolae_vaults_rhombus_7, v_rooms_1,
          nicolae_vaults_triangles, hangedman_vaults_restitches,
          vaults_room_grunt_arrival_ludios, st_lattice,
          nicolae_vaults_little_squares_1, layout_vaults_omnicross
Vaults:2: minmay_crypt_entry_necro_gods, nicolae_vaults_network_quincunx
          [nicolae_vaults_network_quincunx_subvault,
          nicolae_vaults_network_quincunx_subvault,
          nicolae_vaults_network_quincunx_subvault,
          nicolae_vaults_network_quincunx_subvault,
          nicolae_vaults_network_quincunx_subvault], hangedman_vaults_stagger,
          nicolae_vaults_little_ls, v_pattern_4, vaults_dpeg_hooks, v_misc_22,
          v_rooms_3, hangedman_vaults_cutoff, vaults_room_boxed,
          nicolae_vaults_circle_grid_a, vaults_mumra_chevron_long,
          layout_vaults_omnibox, uniq_margery
Vaults:3: hangedman_vaults_nodes, vaults_room_pool, st_spiral_rooms,
          nicolae_vaults_little_squares_2, nicolae_vaults_little_squares_4,
          v_pattern_3, vaults_dpeg_encased_lava, hangedman_vaults_maws,
          layout_vaults_chaotic_city
Vaults:4: hangedman_vaults_restitches, hangedman_vaults_trim, v_misc_5,
          v_misc_30, vaults_room_semicircle, nicolae_vaults_yaktaur_gun_rack,
          layout_vaults_omnigrid
Vaults:5
Crypt:1:  layout_gridlike, st_stairs_2, grunt_megastairs_3,
          grunt_crypt_arrival_guarded_gate
Crypt:2:  layout_chaotic_city
Crypt:3:  due_elkab, layout_chaotic_city, st_stairs_4
Depths:1: grunt_house_of_mirrors, layout_gridlike, roderic_nine_men_s_morris,
          pan_entry, hell_entry, small_chamber_with_monster,
          hangedman_abyss_or_decor_jellyfish_corner, st_stairs_7
Depths:2: abrahamwl_protected_by_tso_1, layout_cross, grunt_pan_entry_zigzag,
          minmay_crystal_water, hell_entry, minmay_staircase_bubble
Depths:3: grunt_profane_halls [grunt_profane_temple_coc,
          grunt_profane_temple_tar, grunt_profane_temple_geh,
          grunt_profane_temple_dis, grunt_profane_loot], pan_entry, hell_entry
Depths:4: cheibrodos_birdhouse, layout_basic, gammafunk_ghost_tricky_traps,
          grunt_pan_entry_sceptre, hangedman_decor_points, abyss_entry,
          hangedman_tar_grid_catacomb
Depths:5: grunt_x_marks_the_spot, layout_cave_shapes, enter_ziggurat_e,
          grunt_decor_one_mirror, hell_entry, serial_shops, bzr_entry_road
Zot:1:    layout_gridlike
Zot:2:    layout_onion_interference
Zot:3:    layout_misc_corridors, hangedman_elemental_corridor
Zot:4:    layout_misc_corridors
Zot:5:    layout_twisted_circle, ebering_ghost_xom

Notes
Turn   | Place    | Note
-------+----------+-------------------------------------------
     0 | D:1      | araganzar the Barachi Hunter began the quest for the Orb.
     0 | D:1      | Reached XP level 1. HP: 17/17 MP: 1/1
    31 | D:1      | HP: 1/17 [goblin (1)]
   592 | D:1      | Reached skill level 3 in Fighting
   592 | D:1      | Reached XP level 2. HP: 18/24 MP: 2/2
   688 | D:1      | Reached skill level 1 in Short Blades
  1926 | D:2      | Reached XP level 3. HP: 29/29 MP: 3/3
  1936 | D:2      | Reached skill level 2 in Short Blades
  1941 | D:2      | araganzar: !ac 6
  1941 | D:2      | beem: 3.67 armour skill per 1 AC for 6 base AC
  2038 | D:2      | Noticed Terence
  2050 | D:2      | Killed Terence
  2050 | D:2      | Reached skill level 4 in Fighting
  2050 | D:2      | Reached XP level 4. HP: 36/38 MP: 4/4
  2511 | D:2      | Reached skill level 1 in Long Blades
  2526 | D:2      | Reached skill level 2 in Long Blades
  2582 | D:2      | Found a shattered altar of Ashenzari.
  2584 | D:2      | Found a blossoming altar of Fedhas.
  2584 | D:2      | Found a burning altar of Makhleb.
  2596 | D:2      | Found a glowing silver altar of Zin.
  2596 | D:2      | Found a stormy altar of Qazlal.
  2744 | D:3      | Reached XP level 5. HP: 43/43 MP: 5/5
  2805 | D:3      | Reached skill level 3 in Long Blades
  3447 | D:4      | Found a staircase to the Ecumenical Temple.
  3453 | Temple   | Entered the Ecumenical Temple
  3574 | Temple   | Became a worshipper of Warmaster Okawaru
  3598 | D:4      | Noticed an ice beast
  3682 | D:3      | Reached skill level 4 in Long Blades
  3696 | D:3      | Reached XP level 6. HP: 27/49 MP: 6/6
  4080 | D:3      | Reached skill level 5 in Long Blades
  4354 | D:3      | Reached skill level 1 in Armour
  4363 | D:3      | Reached skill level 6 in Long Blades
  4574 | D:3      | Reached * piety under Okawaru
  4711 | D:3      | Reached skill level 2 in Armour
  4718 | D:3      | Reached XP level 7. HP: 37/55 MP: 4/7
  4786 | D:3      | Reached skill level 3 in Armour
  5056 | D:3      | Reached skill level 7 in Long Blades
  5173 | D:3      | Reached skill level 4 in Armour
  5946 | D:4      | Reached skill level 8 in Long Blades
  5946 | D:4      | Reached XP level 8. HP: 29/61 MP: 8/8
  6108 | D:3      | araganzar: !ac 10
  6108 | D:3      | beem: 2.2 armour skill per 1 AC for 10 base AC
  6293 | D:4      | Identified the +1 helmet of Impermeability {Int+5}
  6293 | D:4      | Noticed Robin
  6310 | D:4      | Killed Robin
  6495 | D:4      | araganzar: !ac 11
  6495 | D:4      | beem: 2.0 armour skill per 1 AC for 11 base AC
  6495 | D:4      | araganzar: !ac 12
  6495 | D:4      | beem: 1.83 armour skill per 1 AC for 12 base AC
  6495 | D:4      | araganzar: !calc 1.83 * 3
  6495 | D:4      | beem: 5.49
  6511 | D:4      | Noticed a +0 hand axe
  6512 | D:4      | Noticed a +0 hand axe
  6523 | D:4      | Found a hide-covered altar of Uskayaw.
  6804 | D:5      | Entered Level 5 of the Dungeon
  6841 | D:5      | Reached skill level 5 in Armour
  6915 | D:5      | Reached skill level 9 in Long Blades
  7087 | D:5      | Reached ** piety under Okawaru
  7456 | D:5      | Reached skill level 3 in Dodging
  7862 | D:6      | Reached XP level 9. HP: 66/66 MP: 9/9
  7873 | D:6      | Reached skill level 5 in Crossbows
  7873 | D:6      | Reached skill level 4 in Dodging
  8227 | D:6      | Noticed Maggie
  8237 | D:6      | Killed Maggie
  8237 | D:6      | Reached skill level 5 in Dodging
  8315 | D:6      | Reached *** piety under Okawaru
  8315 | D:6      | Reached skill level 6 in Crossbows
  8382 | D:6      | Got an encrusted mace
  8390 | D:6      | Reached skill level 10 in Long Blades
  8581 | D:6      | Learned a level 2 spell: Blink
  8612 | D:6      | Reached skill level 5 in Fighting
  9048 | D:7      | Got a steaming silver ring
  9050 | D:7      | Identified the ring of Awaergh Qeir {rN+ Str-4 Dex+4} (You
                  | found it on level 7 of the Dungeon)
  9054 | D:7      | Noticed a green ugly thing
  9139 | D:7      | Reached skill level 6 in Fighting
  9220 | D:7      | Received a gift from Okawaru
  9220 | D:7      | Reached skill level 7 in Crossbows
  9238 | D:7      | Reached XP level 10. HP: 62/76 MP: 10/10
  9360 | D:7      | Reached skill level 11 in Long Blades
  9490 | D:7      | You fall into a shaft and drop 3 floors!
  9490 | D:10     | Entered Level 10 of the Dungeon
  9565 | D:10     | Found a portal to a secret trove of treasure.
  9863 | D:10     | Reached skill level 8 in Crossbows
  9865 | D:10     | Reached **** piety under Okawaru
  9987 | D:10     | Received a gift from Okawaru
  9987 | D:10     | Reached skill level 1 in Invocations
 10184 | D:10     | Reached skill level 2 in Invocations
 10288 | D:10     | Found a staircase to the Lair.
 10375 | D:10     | Reached skill level 3 in Invocations
 10621 | D:8      | Reached skill level 6 in Armour
 10662 | D:8      | Noticed a cyclops
 10681 | D:8      | Killed a cyclops
 10716 | D:8      | Killed an unseen horror
 10716 | D:8      | Reached skill level 7 in Fighting
 10716 | D:8      | Reached skill level 6 in Dodging
 10732 | D:8      | Reached skill level 7 in Armour
 10732 | D:8      | Reached XP level 11. HP: 37/84 MP: 13/13
 11044 | D:8      | Received a gift from Okawaru
 11078 | D:8      | Reached skill level 1 in Evocations
 11202 | D:8      | Identified the +6 mace of Checkmate {elec, rElec rF+} (You
                  | found it on level 6 of the Dungeon)
 11559 | D:7      | Identified the ring of the Curious Continents {+Inv rPois
                  | MR- AC+4 Dex+6}
 11593 | D:7      | Got a scorched ivory ring
 11595 | D:7      | Identified the ring "Ytul" {*Drain rC+ Str+3 Slay+6 Stlth+}
                  | (You found it on level 7 of the Dungeon)
 11599 | D:7      | araganzar: !calc 1.83 *4
 11599 | D:7      | beem: 7.32
 11607 | D:7      | Got a warped sapphire amulet
 11608 | D:7      | Identified the amulet of the Magpie {Gourm +Blink rC++
                  | Str+3 Slay-4} (You found it on level 7 of the Dungeon)
 11647 | D:7      | Killed a green ugly thing
 11647 | D:7      | Reached skill level 3 in Evocations
 11871 | D:9      | Found a runed translucent door.
 11919 | D:9      | Reached ***** piety under Okawaru
 11930 | D:9      | Received a gift from Okawaru
 12070 | D:9      | Reached skill level 4 in Evocations
 12351 | D:9      | Noticed Joseph
 12358 | D:9      | Killed Joseph
 12358 | D:9      | Reached skill level 4 in Invocations
 12423 | D:9      | Found a runed translucent door.
 12425 | D:9      | Noticed Harold
 12710 | D:9      | Reached skill level 5 in Evocations
 12862 | D:9      | Received a gift from Okawaru
 12880 | D:9      | Killed Harold
 12880 | D:9      | Reached skill level 5 in Invocations
 12880 | D:9      | Reached skill level 6 in Evocations
 13521 | D:10     | Reached skill level 6 in Invocations
 13522 | D:10     | araganzar: !calc 1.83 *5
 13522 | D:10     | beem: 9.15
 13957 | D:11     | Noticed a six-headed hydra
 14111 | D:10     | Reached skill level 8 in Armour
 14129 | D:10     | Reached XP level 12. HP: 77/92 MP: 16/16
 14583 | D:11     | Reached skill level 9 in Crossbows
 14586 | D:11     | Reached skill level 9 in Armour
 14602 | D:11     | Killed a six-headed hydra
 14700 | D:11     | Found a staircase to the Orcish Mines.
 14831 | D:11     | Reached skill level 10 in Crossbows
 14861 | D:11     | Found a roughly hewn altar of Beogh.
 15005 | D:11     | Reached skill level 12 in Long Blades
 15159 | D:11     | Received a gift from Okawaru
 15283 | Lair:1   | Entered Level 1 of the Lair of Beasts
 15332 | Lair:1   | Reached skill level 8 in Fighting
 15332 | Lair:1   | Reached skill level 7 in Dodging
 15617 | Lair:1   | Received a gift from Okawaru
 15621 | Lair:1   | Found a dark tunnel.
 15723 | Volcano  | Entered a volcano
 15926 | Volcano  | Killed a two-headed ogre
 15931 | Volcano  | Noticed a hell hog
 15938 | Volcano  | Killed a hell hog
 16251 | Volcano  | Identified a +0 pair of boots of running (You found it in a
                  | volcano)
 16432 | Lair:1   | Received a gift from Okawaru
 16455 | Lair:1   | Reached skill level 9 in Fighting
 16455 | Lair:1   | Reached skill level 8 in Dodging
 17289 | Lair:2   | Reached skill level 13 in Long Blades
 17302 | Lair:2   | Received a gift from Okawaru
 17302 | Lair:2   | Gained mutation: You can hop long distances. [Barachi
                  | growth]
 17302 | Lair:2   | Reached XP level 13. HP: 92/102 MP: 17/17
 17340 | Lair:2   | Reached skill level 10 in Fighting
 17426 | Lair:2   | Received a gift from Okawaru
 17592 | Lair:2   | araganzar: !calc 1.83 *6
 17592 | Lair:2   | beem: 10.98
 17749 | Lair:2   | Noticed Erica
 17752 | Lair:2   | Killed Erica
 18024 | Lair:2   | Reached skill level 10 in Armour
 18478 | Lair:2   | Received a gift from Okawaru
 19153 | Lair:3   | Reached skill level 11 in Fighting
 19328 | Lair:3   | Received a gift from Okawaru
 19547 | Lair:3   | araganzar: !ac 14
 19547 | Lair:3   | beem: 1.57 armour skill per 1 AC for 14 base AC
 19547 | Lair:3   | araganzar: !calc 1.57 *6
 19547 | Lair:3   | beem: 9.42
 19547 | Lair:3   | araganzar: !calc 1.57 *8
 19547 | Lair:3   | beem: 12.56
 19826 | Lair:4   | Reached skill level 11 in Armour
 19881 | Lair:4   | Found a staircase to the Swamp.
 20329 | Lair:4   | Found a hole to the Spider Nest.
 20358 | Lair:4   | Reached ****** piety under Okawaru
 20512 | Lair:5   | Received a gift from Okawaru
 20516 | Lair:5   | Reached skill level 12 in Fighting
 20687 | Lair:5   | Reached skill level 12 in Armour
 20716 | Lair:5   | Reached XP level 14. HP: 89/115 MP: 18/18
 21071 | Lair:5   | Found a viscous altar of Jiyva.
 21141 | Lair:5   | Reached skill level 13 in Armour
 21320 | Lair:5   | Received a gift from Okawaru
 21373 | Lair:5   | Noticed Rupert
 21377 | Lair:5   | Paralysed by Rupert for 3 turns
 21395 | Lair:5   | Killed Rupert
 21395 | Lair:5   | Reached skill level 9 in Dodging
 21736 | Lair:5   | Found a staircase to the Slime Pits.
 22181 | Lair:6   | Entered Level 6 of the Lair of Beasts
 22196 | Lair:5   | Reached skill level 1 in Shields
 22200 | Lair:5   | Received a gift from Okawaru
 22203 | Lair:5   | Reached skill level 2 in Shields
 22402 | Lair:6   | Reached skill level 3 in Shields
 22477 | Lair:6   | Reached skill level 4 in Shields
 22703 | Lair:6   | Reached skill level 5 in Shields
 23188 | Lair:6   | Reached skill level 10 in Dodging
 23458 | Lair:6   | Found a large runed translucent door.
 23458 | Lair:6   | Found a large runed translucent door.
 24310 | Lair:1   | araganzar: !ac 12
 24310 | Lair:1   | beem: 1.83 armour skill per 1 AC for 12 base AC
 24310 | Lair:1   | araganzar: !calc 1.83 * 7
 24310 | Lair:1   | beem: 12.81
 24310 | Lair:1   | araganzar: !calc 1.83 * 8
 24310 | Lair:1   | beem: 14.64
 24421 | D:12     | Reached skill level 13 in Fighting
 24425 | D:12     | Received a gift from Okawaru
 24561 | D:12     | Reached skill level 1 in Spellcasting
 24561 | D:12     | Reached skill level 1 in Translocations
 24637 | D:12     | Reached XP level 15. HP: 123/123 MP: 19/19
 25097 | D:12     | Reached skill level 14 in Armour
 25363 | D:13     | Reached skill level 2 in Translocations
 25439 | D:13     | Reached skill level 2 in Spellcasting
 25562 | D:13     | Reached skill level 3 in Translocations
 25753 | D:13     | Reached skill level 3 in Spellcasting
 25758 | D:13     | You fall into a shaft and drop 2 floors!
 25758 | D:15     | Entered Level 15 of the Dungeon
 26104 | D:15     | Found a staircase to the Depths.
 26194 | D:15     | Reached skill level 4 in Translocations
 26625 | D:15     | Reached skill level 4 in Spellcasting
 27111 | D:14     | Reached skill level 5 in Translocations
 27112 | D:14     | araganzar: !ac 12
 27112 | D:14     | beem: 1.83 armour skill per 1 AC for 12 base AC
 27239 | D:14     | You fall into a shaft and drop 1 floor!
 27502 | D:14     | Noticed Agnes
 27510 | D:14     | Killed Agnes
 27510 | D:14     | Received a gift from Okawaru
 27515 | D:14     | Got a bloodstained triple sword {god gift}
 27521 | D:14     | Identified the +5 triple sword "Doffekk" {venom, rC++ Str-3
                  | Int+4} (Okawaru gifted it to you on level 14 of the
                  | Dungeon)
 27826 | D:14     | Paralysed by a wizard for 7 turns
 28376 | D:14     | Reached skill level 15 in Armour
 28584 | D:13     | Found a gate to the Vaults.
 29202 | Orc:1    | Entered Level 1 of the Orcish Mines
 29279 | Orc:2    | Entered Level 2 of the Orcish Mines
 29439 | Orc:1    | Paralysed by an orc sorcerer for 2 turns
 29775 | Orc:1    | Paralysed by an orc sorcerer for 2 turns
 30348 | Orc:2    | Found a staircase to the Elven Halls.
 30410 | Orc:2    | Found Zaipta's Armour Shoppe.
 30475 | Orc:2    | Received a gift from Okawaru
 30741 | Orc:2    | Reached skill level 11 in Dodging
 30766 | Orc:2    | Received a gift from Okawaru
 30861 | Orc:2    | Reached skill level 14 in Fighting
 30922 | Orc:2    | Reached XP level 16. HP: 115/133 MP: 22/22
 30942 | Orc:2    | Found Lyumui's Jewellery Shop.
 30947 | Orc:2    | Found Ebeheff's Assorted Antiques.
 30949 | Orc:2    | Found Plog's Magic Scroll Shoppe.
 30956 | Orc:2    | Bought a grey potion for 26 gold pieces
 30956 | Orc:2    | Bought a smoky puce potion for 26 gold pieces
 30956 | Orc:2    | Bought a scroll of blinking for 217 gold pieces
 30961 | Orc:2    | Bought a scroll of enchant armour for 75 gold pieces
 30961 | Orc:2    | Bought a scroll of enchant weapon for 75 gold pieces
 30961 | Orc:2    | Bought a scroll of identify for 20 gold pieces
 31260 | Swamp:1  | Entered Level 1 of the Swamp
 31395 | Swamp:1  | Noticed Josephine
 31416 | Swamp:1  | Killed Josephine
 31578 | Swamp:1  | Reached skill level 16 in Armour
 31790 | Swamp:1  | Found a sacrificial altar of Ru.
 31806 | Swamp:1  | araganzar: !ac 12
 31806 | Swamp:1  | beem: 1.83 armour skill per 1 AC for 12 base AC
 31806 | Swamp:1  | araganzar: !calc 1.83 * 11
 31806 | Swamp:1  | beem: 20.13
 31806 | Swamp:1  | araganzar: !calc 1.83 * 8
 31806 | Swamp:1  | beem: 14.64
 31806 | Swamp:1  | araganzar: !calc 1.83 * 9
 31806 | Swamp:1  | beem: 16.47
 31808 | Swamp:1  | Noticed Roxanne
 31839 | Swamp:1  | Reached skill level 12 in Dodging
 31871 | Swamp:1  | You fall into a shaft and drop 1 floor!
 31885 | Swamp:2  | Received a gift from Okawaru
 32193 | Swamp:2  | Reached skill level 6 in Shields
 32624 | Swamp:1  | Killed Roxanne
 33184 | Swamp:2  | Reached skill level 7 in Shields
 33241 | Swamp:2  | Received a gift from Okawaru
 33558 | Swamp:2  | Received a gift from Okawaru
 33846 | Swamp:3  | Reached skill level 14 in Long Blades
 34488 | Swamp:4  | Entered Level 4 of the Swamp
 34494 | Swamp:4  | Reached skill level 8 in Shields
 34506 | Swamp:4  | Noticed a thorn hunter
 34515 | Swamp:4  | Killed a thorn hunter
 34985 | Swamp:3  | Reached skill level 15 in Long Blades
 35102 | Swamp:3  | Received a gift from Okawaru
 35102 | Swamp:3  | Reached XP level 17. HP: 101/139 MP: 23/23
 35263 | Swamp:4  | Noticed Aizul
 35423 | Swamp:3  | Received a gift from Okawaru
 35549 | Swamp:4  | Reached skill level 13 in Dodging
 35600 | Swamp:4  | Killed Aizul
 35810 | Swamp:3  | Received a gift from Okawaru
 36130 | Swamp:4  | Reached skill level 9 in Shields
 36181 | Swamp:4  | Got a decaying rune of Zot
 36856 | Spider:1 | Entered Level 1 of the Spider Nest
 37096 | Spider:1 | Reached skill level 15 in Fighting
 37155 | Spider:1 | Reached skill level 10 in Shields
 37186 | Spider:1 | Noticed Asterion
 37192 | Spider:1 | Killed Asterion
 37192 | Spider:1 | Received a gift from Okawaru
 38041 | Spider:2 | Got a faintly glowing rapier
 38254 | Spider:3 | Reached skill level 11 in Shields
 38661 | Spider:3 | Got a jewelled helmet
 38701 | Spider:2 | Identified the cursed +0 helmet of Curiosity {rElec rC+}
                  | (You found it on level 3 of the Spider Nest)
 38701 | Spider:2 | Identified the cursed +2 rapier "Meular" {freeze, *Noise
                  | Str+7 Stlth+} (You found it on level 2 of the Spider Nest)
 38721 | Spider:2 | Received a gift from Okawaru
 38721 | Spider:2 | Reached XP level 18. HP: 100/151 MP: 1/24
 39053 | Spider:3 | Reached skill level 16 in Fighting
 39108 | Spider:3 | Noticed Nikola
 39131 | Spider:3 | Killed Nikola
 39440 | Spider:3 | Identified the Collected Works on Unholy Transmutation
 39446 | Spider:3 | Learned a level 1 spell: Animate Skeleton
 39458 | Spider:4 | Entered Level 4 of the Spider Nest
 39599 | Spider:4 | Received a gift from Okawaru
 39867 | Spider:4 | Received a gift from Okawaru
 39920 | Spider:4 | Reached skill level 12 in Shields
 39971 | Spider:4 | Reached skill level 14 in Dodging
 40528 | Spider:4 | Got a gossamer rune of Zot
 40574 | Spider:4 | Reached skill level 1 in Necromancy
 41080 | Spider:4 | Noticed Arachne
 41101 | Spider:4 | Killed Arachne
 41101 | Spider:4 | Reached skill level 2 in Necromancy
 41983 | Vaults:1 | Entered Level 1 of the Vaults
 42143 | Vaults:1 | Reached skill level 3 in Necromancy
 42339 | Vaults:1 | Reached skill level 4 in Necromancy
 42706 | Vaults:1 | Received a gift from Okawaru
 42911 | Vaults:1 | Reached XP level 19. HP: 159/159 MP: 25/25
 42920 | Vaults:1 | Reached skill level 13 in Shields
 42938 | Vaults:1 | Reached skill level 5 in Necromancy
 43261 | Vaults:1 | Reached skill level 14 in Shields
 44237 | Vaults:2 | Received a gift from Okawaru
 44241 | Vaults:2 | Reached skill level 15 in Shields
 44307 | Vaults:2 | Reached skill level 17 in Fighting
 44334 | Vaults:2 | Found a staircase to the Crypt.
 44334 | Vaults:2 | Found a basalt altar of Yredelemnul.
 44335 | Vaults:2 | Found an ancient bone altar of Kikubaaqudgha.
 44940 | Vaults:2 | Reached skill level 17 in Armour
 44965 | Vaults:2 | Received a gift from Okawaru
 45701 | Vaults:2 | Received a gift from Okawaru
 45732 | Vaults:2 | Reached XP level 20. HP: 75/168 MP: 23/26
 45999 | Vaults:2 | You fall into a shaft and drop 2 floors!
 46205 | Vaults:3 | You fall into a shaft and drop 1 floor!
 46226 | Vaults:4 | Reached skill level 15 in Dodging
 46546 | Vaults:4 | Received a gift from Okawaru
 46656 | Vaults:4 | Received a gift from Okawaru
 46764 | Vaults:4 | Received a gift from Okawaru
 46836 | Vaults:4 | Got a translucent tin ring
 46838 | Vaults:4 | Identified the ring "Upeusim" {rElec Str+2 SInv} (You found
                  | it on level 4 of the Vaults)
 46881 | Vaults:4 | Got a twisted arbalest
 46882 | Vaults:4 | Identified the cursed +0 arbalest "Acen" {speed, rN+} (You
                  | found it on level 4 of the Vaults)
 47027 | Vaults:4 | Reached skill level 16 in Shields
 47091 | Vaults:4 | Reached skill level 18 in Fighting
 47345 | Vaults:3 | Received a gift from Okawaru
 47547 | Vaults:3 | Reached skill level 18 in Armour
 48193 | Vaults:3 | You fall into a shaft and drop 1 floor!
 48428 | Vaults:3 | Reached skill level 17 in Shields
 48755 | Vaults:2 | Got a translucent hand crossbow {god gift}
 48756 | Vaults:2 | Identified the +7 hand crossbow of the Orcish Mines {venom,
                  | Int+4} (Okawaru gifted it to you on level 2 of the Vaults)
 48757 | Vaults:2 | araganzar: ??electrocution
 48757 | Vaults:2 | beem: electrocution[1/1]: Weapon brand that causes your
                  | weapon to blast your target with an explosion of sparks on
                  | 1 out of every 3 hits, doing 7+1d13 additional damage
                  | (which ignores AC). Does not work on targets with rElec.
 48903 | Vaults:2 | Received a gift from Okawaru
 49125 | Vaults:2 | Reached XP level 21. HP: 177/177 MP: 27/27
 49135 | Vaults:2 | Received a gift from Okawaru
 49685 | Depths:1 | Entered Level 1 of the Depths
 49685 | Depths:1 | Found a one-way gate leading to the halls of Pandemonium.
 49690 | Depths:1 | Reached skill level 18 in Shields
 49778 | Depths:1 | Paralysed by an ogre mage for 7 turns
 49931 | Depths:1 | Received a gift from Okawaru
 50301 | Depths:1 | Found a gateway to Hell.
 50339 | Depths:1 | Reached skill level 19 in Shields
 50376 | Depths:1 | Received a gift from Okawaru
 50550 | Depths:1 | Received a gift from Okawaru
 50620 | Depths:1 | Identified Hucsor's Disquisition on Transmutation
 50665 | Depths:1 | Reached skill level 20 in Shields
 50924 | Depths:1 | Identified Sif Muna's Collected Works on Curses and Attacks
 51578 | Orc:2    | Bought the +10 large shield of Ignorance {rN+ Int-4} for
                  | 974 gold pieces
 51578 | Orc:2    | Found the +10 large shield of Ignorance {rN+ Int-4}
 51920 | Depths:1 | Received a gift from Okawaru
 52080 | Depths:2 | Reached XP level 22. HP: 160/184 MP: 28/28
 52090 | Depths:2 | Reached skill level 21 in Shields
 52394 | Depths:2 | Learned a level 5 spell: Borgnjor's Vile Clutch
 52735 | Depths:2 | Found the +8 demon blade "Bloodbane" {vorpal, *Rage +Rage
                  | Stlth-}
 52743 | Depths:2 | araganzar: ??bloodbane
 52743 | Depths:2 | beem: bloodbane[1/1]: Unrandart +8 vorpal demon blade that
                  | lets you berserk, makes you angry, and makes you less
                  | stealthy. The berserkitis triggers on 9% of attacks.
 52754 | Depths:2 | Got a translucent ruby amulet
 52755 | Depths:2 | Identified the amulet of Ephemeral Luck {Inacc rF+} (You
                  | found it on level 2 of the Depths)
 53241 | Depths:3 | Found an opulent altar of Gozag.
 53326 | Depths:3 | Noticed a juggernaut
 53352 | Depths:3 | Learned a level 1 spell: Apportation
 53404 | Depths:3 | Killed a juggernaut
 53453 | Depths:3 | Received a gift from Okawaru
 53681 | Depths:3 | Found a blossoming altar of Fedhas.
 53730 | Depths:3 | Received a gift from Okawaru
 53814 | Depths:3 | Reached skill level 22 in Shields
 53867 | Depths:2 | Reached skill level 19 in Fighting
 54097 | Depths:3 | Paralysed by a wizard for 7 turns
 54305 | Depths:3 | Identified the +5 whip of a bailey {venom, rElec MR+ Dex+4}
 54306 | Depths:3 | Found a shattered altar of Ashenzari.
 54600 | Depths:3 | Identified the cursed +1 hunting sling "Paypougi" {flame,
                  | *Corrode rElec rN+++ Dex-3}
 54748 | Depths:3 | Found a sacrificial altar of Ru.
 54856 | Depths:3 | Noticed a golden dragon
 54883 | Depths:3 | Killed a golden dragon
 54905 | Depths:3 | Noticed a golden dragon
 54912 | Depths:3 | Identified the +2 robe of Viotug {Int+4 Dex+3}
 54916 | Depths:3 | Killed a golden dragon
 54962 | Depths:3 | Reached XP level 23. HP: 175/196 MP: 25/29
 54985 | Depths:3 | Noticed a golden dragon
 54999 | Depths:3 | Killed a golden dragon
 54999 | Depths:3 | Reached skill level 20 in Fighting
 55125 | Depths:3 | Received a gift from Okawaru
 55261 | Depths:3 | Identified the Catalogue of Scorching Flight
 55929 | Depths:4 | Reached skill level 23 in Shields
 55941 | Depths:4 | Found a runed translucent gate.
 55941 | Depths:4 | Found a runed translucent gate.
 55941 | Depths:4 | Found a runed translucent gate.
 55942 | Depths:4 | Noticed Qiwept's ghost (veteran BaIE)
 55942 | Depths:4 | Noticed a golden dragon
 56017 | Depths:4 | Killed Qiwept's ghost
 56061 | Depths:4 | Identified a scroll of acquirement
 56062 | Depths:4 | Identified the ring "Pesof" {rElec Dex+2} (You acquired it
                  | on level 4 of the Depths)
 56120 | Depths:4 | Noticed a golden dragon
 56133 | Depths:4 | Killed a golden dragon
 56248 | Depths:4 | Got a wavering silver ring
 56250 | Depths:4 | Got a bloodstained cloak
 56261 | Depths:4 | Identified the -1 cloak "Ipninas" {+Blink Regen+} (You
                  | found it on level 4 of the Depths)
 56268 | Depths:4 | Identified the ring "Sot Kiny" {rC+ SInv} (You found it on
                  | level 4 of the Depths)
 56366 | Depths:4 | Reached skill level 7 in Evocations
 56477 | Depths:4 | Killed a golden dragon
 56781 | Depths:4 | Found a one-way gate to the infinite horrors of the Abyss.
 56801 | Depths:4 | Reached skill level 19 in Armour
 56984 | Depths:5 | Entered Level 5 of the Depths
 57001 | Depths:5 | Found a flickering gateway to a bazaar.
 57008 | Bazaar   | Entered a bazaar
 57013 | Bazaar   | Found Viruary's Food Shop.
 57040 | Bazaar   | Found Luif Gajykh's Jewellery Boutique.
 57046 | Bazaar   | Bought the ring "Pain" {rF+ rCorr Dex+4} for 466 gold
                  | pieces
 57068 | Bazaar   | Found Nicomi's Weapon Shop.
 57068 | Bazaar   | Found Imyg's Armour Boutique.
 57133 | Depths:5 | Reached skill level 8 in Evocations
 57201 | Depths:5 | Noticed a golden dragon
 57210 | Depths:5 | Received a gift from Okawaru
 57231 | Depths:5 | Killed a golden dragon
 57247 | Depths:5 | Received a gift from Okawaru
 57304 | Depths:5 | Reached skill level 9 in Evocations
 57304 | Depths:5 | Reached XP level 24. HP: 186/204 MP: 29/29
 57357 | Depths:5 | Received a gift from Okawaru
 57474 | Depths:5 | Found a gateway to a ziggurat.
 57481 | Depths:5 | Paralysed by something for 3 turns
 57495 | Depths:5 | Received a gift from Okawaru
 57626 | Depths:5 | Paralysed by a great orb of eyes for 6 turns
 57893 | Depths:5 | Found a gate to the Realm of Zot.
 57948 | Depths:5 | Reached skill level 10 in Evocations
 58726 | Lair:1   | Learned a level 2 spell: Corpse Rot
 58810 | Elf:1    | Entered Level 1 of the Elven Halls
 58819 | Elf:1    | You fall into a shaft and drop 1 floor!
 58878 | Elf:1    | Found a shimmering blue altar of Sif Muna.
 59244 | Elf:1    | Reached skill level 20 in Armour
 59287 | Elf:1    | Reached skill level 24 in Shields
 59391 | Elf:1    | Reached skill level 1 in Stealth
 59555 | Elf:1    | Reached skill level 2 in Stealth
 59984 | Elf:1    | Reached skill level 3 in Stealth
 60013 | Elf:1    | Received a gift from Okawaru
 60023 | Elf:1    | Found a runed translucent gate.
 60023 | Elf:1    | Found a runed translucent gate.
 60023 | Elf:1    | Found a runed translucent gate.
 60023 | Elf:1    | Found a runed translucent gate.
 60023 | Elf:1    | Found a runed translucent gate.
 60023 | Elf:1    | Found a runed translucent gate.
 60175 | Elf:1    | Reached skill level 16 in Dodging
 60462 | Elf:2    | Reached skill level 4 in Stealth
 60611 | Elf:2    | Identified Sif Muna's Collected Works on the Oath
 60617 | Elf:2    | Learned a level 3 spell: Spectral Weapon
 60621 | Elf:2    | Learned a level 3 spell: Portal Projectile
 60970 | Elf:2    | Found a huge runed translucent gate.
 60970 | Elf:2    | Found a huge runed translucent gate.
 60970 | Elf:2    | Found a huge runed translucent gate.
 60971 | Elf:2    | Found a huge runed translucent gate.
 60975 | Elf:2    | Found a huge runed translucent gate.
 61349 | Elf:2    | Reached skill level 17 in Dodging
 61447 | Elf:2    | Received a gift from Okawaru
 61728 | Elf:3    | Entered Level 3 of the Elven Halls
 61844 | Elf:3    | Got an opalescent robe
 61996 | Elf:3    | Reached XP level 25. HP: 210/210 MP: 30/30
 62123 | Elf:3    | Reached skill level 18 in Dodging
 62206 | Elf:3    | Received a gift from Okawaru
 62216 | Elf:3    | Identified the ring "Neupn" {*Drain rElec rC+ Str+4 Int+4}
 62218 | Elf:3    | Received a gift from Okawaru
 62832 | Elf:3    | Gained mutation: You are frail. (-10% HP) [a cacodemon]
 63097 | Elf:3    | Identified the +7 plate armour of the Bard {rElec rN+}
 63170 | Elf:3    | Identified the +2 broad axe "Concordance" {vorpal, rPois
                  | rN+ MP+9 Dex+2}
 63228 | Elf:3    | Got a polished hunting sling {god gift}
 63229 | Elf:3    | Identified the +4 hunting sling of the Vaults {flame,
                  | *Corrode rElec Str+5} (Okawaru gifted it to you on level 3
                  | of the Elven Halls)
 63304 | Elf:3    | Identified the Catalogue of Talismans and Ice
 63309 | Elf:3    | Learned a level 2 spell: Song of Slaying
 63314 | Elf:3    | Learned a level 4 spell: Animate Dead
 63378 | Elf:3    | Identified Louclulaexa's Catalogue of Evil and Lightness
 63985 | Crypt:1  | Entered Level 1 of the Crypt
 64048 | Crypt:1  | Reached skill level 1 in Charms
 64053 | Crypt:1  | Reached skill level 1 in Hexes
 64655 | Crypt:1  | Reached skill level 2 in Charms
 64684 | Crypt:1  | Received a gift from Okawaru
 64685 | Crypt:1  | Got a pair of bloodstained boots {god gift}
 64696 | Crypt:1  | Identified the +0 pair of boots of Okawaru's Hope {MR++
                  | Int+2} (Okawaru gifted it to you on level 1 of the Crypt)
 64728 | Crypt:1  | Reached skill level 3 in Charms
 65012 | Crypt:1  | Reached skill level 4 in Charms
 65269 | Crypt:1  | Reached skill level 5 in Charms
 65277 | Crypt:1  | Reached skill level 2 in Hexes
 65335 | Crypt:1  | Reached skill level 3 in Hexes
 65615 | Crypt:2  | Reached skill level 4 in Hexes
 65724 | Crypt:2  | Reached skill level 5 in Stealth
 66140 | Crypt:3  | Entered Level 3 of the Crypt
 66142 | Crypt:3  | Found a staircase to the Tomb.
 66156 | Crypt:3  | Reached skill level 7 in Invocations
 66587 | Crypt:3  | Reached skill level 8 in Invocations
 67321 | Crypt:3  | Reached XP level 26. HP: 168/196 MP: 30/30
 67596 | Crypt:3  | Received a gift from Okawaru
 68020 | Crypt:3  | Reached skill level 21 in Fighting
 68026 | Crypt:3  | Identified the Grimoire of Necromancy
 68561 | Crypt:3  | Noticed a greater mummy
 68584 | Crypt:3  | HP: 19/199 [??? (11)]
 69894 | Crypt:3  | Killed a greater mummy
 69894 | Crypt:3  | Received a gift from Okawaru
 69894 | Crypt:3  | Reached skill level 21 in Armour
 69894 | Crypt:3  | Reached skill level 19 in Dodging
 69972 | Crypt:3  | Identified the Tome of the Volcanoes and Transformation
 70028 | Crypt:3  | Got a warped platinum ring
 70028 | Crypt:3  | Got a scintillating granite ring
 70029 | Crypt:3  | Identified the ring of Come {rElec rN+} (You found it on
                  | level 3 of the Crypt)
 70030 | Crypt:3  | Identified the ring "Timn" {rC+++ rN+ MR+ Int-3 Stlth+}
                  | (You found it on level 3 of the Crypt)
 70032 | Crypt:3  | Identified the ring "Awkos" {*Corrode rN+ Int+5} (You found
                  | it on level 3 of the Crypt)
 70056 | Crypt:3  | Identified the +0 pair of gloves "Qoanipn" {Dex+3} (You
                  | found it on level 3 of the Crypt)
 70061 | Crypt:3  | Got a pitted iron amulet
 70062 | Crypt:3  | Identified the amulet "Omu Vaca" {RegenMP rF++ rC- Int+4}
                  | (You found it on level 3 of the Crypt)
 70658 | Lair:1   | Identified the +0 hat of Untruth {rC++ Int+4} (You acquired
                  | it on level 1 of the Lair of Beasts)
 70948 | Vaults:5 | Entered Level 5 of the Vaults
 71141 | Vaults:5 | Identified the ring of Free Will {rPois rC+ Int+3 SInv}
 71152 | Vaults:5 | Identified the cursed +1 shadow dragon scales "Yhatix"
                  | {+Fly Int-3 SInv Stlth++++}
 71159 | Vaults:5 | Identified the cursed +1 long sword of the Moth {protect,
                  | Str+3 SInv Stlth+}
 71341 | Vaults:5 | Reached skill level 6 in Charms
 71379 | Vaults:5 | Reached skill level 5 in Spellcasting
 71759 | Vaults:5 | Got a faintly humming helmet
 71760 | Vaults:5 | Identified the +1 helmet of Anaesthesia {Regen+ rCorr SInv
                  | Stlth-} (You found it on level 5 of the Vaults)
 71818 | Vaults:5 | Received a gift from Okawaru
 71818 | Vaults:5 | Reached skill level 6 in Spellcasting
 71862 | Vaults:5 | Got a heavily runed ring mail
 71979 | Vaults:5 | Got a silver rune of Zot
 72052 | Vaults:5 | Identified the +1 leather armour of Riqits {MP+9 Str-2
                  | Int-3 SInv}
 72063 | Vaults:5 | Received a gift from Okawaru
 72152 | Vaults:5 | Reached XP level 27. HP: 206/206 MP: 32/32
 72229 | Vaults:5 | Reached skill level 22 in Armour
 72258 | Vaults:5 | Reached skill level 25 in Shields
 72659 | Vaults:5 | Received a gift from Okawaru
 72661 | Vaults:5 | Reached skill level 5 in Hexes
 73068 | Vaults:5 | Reached skill level 7 in Charms
 73113 | Vaults:5 | Identified the cursed +1 dire flail of a Million Deaths
                  | {freeze, +Inv +Fly}
 73139 | Vaults:5 | Reached skill level 7 in Spellcasting
 73258 | Vaults:5 | Identified the +7 flail "Ludgh" {freeze, Str+4 SInv}
 73295 | Vaults:5 | Identified the cursed ring "Fustrimm" {+Fly rN+ MR+ Dex-5}
 73452 | Vaults:5 | Reached skill level 6 in Hexes
 73551 | Vaults:5 | Reached skill level 22 in Fighting
 73598 | Vaults:5 | Identified a +2 pair of boots of running (You found it on
                  | level 5 of the Vaults)
 73966 | Lair:1   | Lost mutation: You are frail. (-10% HP) [potion of
                  | mutation]
 73966 | Lair:1   | Gained mutation: You are partially covered in large bone
                  | plates. (SH +4) [potion of mutation]
 73966 | Lair:1   | Gained mutation: Your mind is acute. (Int +2) [potion of
                  | mutation]
 73966 | Lair:1   | Gained mutation: You tend to lose your temper in combat.
                  | [potion of mutation]
 73966 | Lair:1   | Gained mutation: You have large cloven feet. [potion of
                  | mutation]
 73967 | Lair:1   | Lost mutation: You tend to lose your temper in combat.
                  | [potion of mutation]
 73967 | Lair:1   | Lost mutation: You are partially covered in large bone
                  | plates. (SH +4) [potion of mutation]
 73967 | Lair:1   | Lost mutation: Your mind is acute. (Int +2) [potion of
                  | mutation]
 73967 | Lair:1   | Gained mutation: Your system is resistant to poisons.
                  | (rPois) [potion of mutation]
 73967 | Lair:1   | Gained mutation: You have a pair of small horns on your
                  | head. [potion of mutation]
 73967 | Lair:1   | Gained mutation: Armour fits poorly on your strangely
                  | shaped body. [potion of mutation]
 73967 | Lair:1   | Gained mutation: You have a pair of horns on your head.
                  | [potion of mutation]
 73968 | Lair:1   | Lost mutation: You have a pair of horns on your head.
                  | [potion of mutation]
 73968 | Lair:1   | Lost mutation: You have a pair of small horns on your head.
                  | [potion of mutation]
 73968 | Lair:1   | Lost mutation: You have large cloven feet. [potion of
                  | mutation]
 73968 | Lair:1   | Gained mutation: You are partially covered in rugged brown
                  | scales. (AC +1, +3% HP) [potion of mutation]
 73968 | Lair:1   | Gained mutation: You have a pair of small antennae on your
                  | head. [potion of mutation]
 73969 | Lair:1   | Lost mutation: You have a pair of small antennae on your
                  | head. [potion of mutation]
 73969 | Lair:1   | Lost mutation: Armour fits poorly on your strangely shaped
                  | body. [potion of mutation]
 73969 | Lair:1   | Gained mutation: You have a somewhat thin skeletal
                  | structure. (Dex +2, Stealth) [potion of mutation]
 73969 | Lair:1   | Gained mutation: You possess an exceptional clarity of
                  | mind. [potion of mutation]
 74142 | Slime:1  | Entered Level 1 of the Pits of Slime
 74273 | Slime:3  | Reached skill level 8 in Charms
 74316 | Slime:3  | You fall into a shaft and drop 1 floor!
 74581 | Slime:5  | Entered Level 5 of the Pits of Slime
 74614 | Slime:4  | Reached skill level 8 in Spellcasting
 74626 | Slime:4  | Reached skill level 6 in Translocations
 74781 | Slime:5  | Reached skill level 7 in Hexes
 75123 | Slime:2  | Reached skill level 6 in Necromancy
 75243 | Slime:5  | Found a viscous altar of Jiyva.
 75244 | Slime:5  | Noticed the Royal Jelly
 75254 | Slime:5  | Killed the Royal Jelly
 75254 | Slime:5  | Reached skill level 20 in Dodging
 75277 | Slime:5  | Reached skill level 8 in Hexes
 75428 | Slime:5  | Got a transparent granite ring
 75429 | Slime:5  | Identified the ring of Jeapho {rCorr Slay+2} (You found it
                  | on level 5 of the Pits of Slime)
 75432 | Slime:5  | Got a slimy rune of Zot
 75459 | Slime:5  | Got a brightly glowing ring mail
 75496 | Slime:5  | Identified the Papyrus of the Feathery Escort
 75515 | Slime:5  | Identified the Compendium of Shifting Creation
 75542 | Slime:5  | Identified the +7 rapier of Iqimm {freeze, +Blink rN+ Dex+2
                  | Stlth-} (You found it on level 5 of the Pits of Slime)
 75555 | Slime:5  | Reached skill level 7 in Necromancy
 75601 | Slime:5  | Gained mutation: You are clumsy. (Dex -2) [a shining eye]
 76107 | Depths:4 | Voluntarily entered the Abyss.
 76107 | Abyss:1  | Found a corrupted altar of Lugonu.
 76414 | Abyss:1  | Reached skill level 9 in Spellcasting
 76679 | Abyss:1  | Reached skill level 10 in Spellcasting
 76787 | Abyss:1  | Paralysed by accursed screaming for 1 turns
 76856 | Abyss:1  | Received a gift from Okawaru
 77029 | Abyss:1  | Reached skill level 11 in Spellcasting
 77122 | Abyss:1  | Reached skill level 8 in Necromancy
 77159 | Abyss:1  | Gained mutation: You are partially covered in icy blue
                  | scales. (AC +2) [a neqoxec]
 77165 | Abyss:1  | Found a hazy altar of Hepliaklqana.
 77172 | Abyss:1  | Found a hazy altar of Hepliaklqana.
 77345 | Abyss:2  | Received a gift from Okawaru
 77346 | Abyss:2  | Got a crystal quarterstaff {god gift}
 77414 | Abyss:2  | Reached skill level 12 in Spellcasting
 77685 | Abyss:3  | Reached skill level 13 in Spellcasting
 77989 | Abyss:3  | Reached skill level 14 in Spellcasting
 78269 | Abyss:3  | Received a gift from Okawaru
 78270 | Abyss:3  | Got a pair of warped gloves {god gift}
 78275 | Abyss:3  | Identified the +1 pair of gloves of Qoshros {MR+ Int+4}
                  | (Okawaru gifted it to you on level 3 of the Abyss)
 78445 | Abyss:3  | Found a corrupted altar of Lugonu.
 78527 | Abyss:3  | Reached skill level 15 in Spellcasting
 78540 | Abyss:3  | Reached skill level 1 in Earth Magic
 78619 | Abyss:3  | Reached skill level 2 in Earth Magic
 78644 | Abyss:3  | Reached skill level 3 in Earth Magic
 78652 | Abyss:3  | Reached skill level 21 in Dodging
 78659 | Abyss:3  | Got an abyssal rune of Zot
 78702 | Abyss:3  | Learned a level 1 spell: Summon Butterflies
 78707 | Abyss:3  | Learned a level 4 spell: Passage of Golubria
 78800 | Abyss:3  | Reached skill level 4 in Earth Magic
 78937 | Abyss:3  | Reached skill level 5 in Earth Magic
 78980 | Abyss:3  | Gained mutation: Armour fits poorly on your strangely
                  | shaped body. [a neqoxec]
 79001 | Abyss:3  | Reached skill level 16 in Spellcasting
 79075 | Abyss:3  | Reached skill level 6 in Earth Magic
 79251 | Depths:4 | Escaped the Abyss
 79617 | Orc:2    | Bought a leatherbound book for 435 gold pieces
 79621 | Orc:2    | Bought a scroll of remove curse for 30 gold pieces
 79621 | Orc:2    | Bought a scroll of remove curse for 30 gold pieces
 79621 | Orc:2    | Bought a scroll of remove curse for 30 gold pieces
 79621 | Orc:2    | Bought a scroll of remove curse for 30 gold pieces
 79621 | Orc:2    | Bought 2 scrolls of remove curse for 60 gold pieces
 79623 | Orc:2    | Bought a potion of curing for 87 gold pieces
 79939 | Zot:1    | Entered Level 1 of the Realm of Zot
 80190 | Zot:1    | Reached skill level 1 in Summonings
 80265 | Zot:1    | Reached skill level 7 in Earth Magic
 80402 | Zot:1    | Reached skill level 2 in Summonings
 80679 | Zot:2    | Noticed an orb of fire
 80692 | Zot:2    | Killed an orb of fire
 80710 | Zot:2    | Reached skill level 3 in Summonings
 80720 | Zot:2    | Reached skill level 17 in Spellcasting
 80741 | Zot:2    | Received a gift from Okawaru
 80750 | Zot:2    | Got a faintly glowing shield {god gift}
 80751 | Zot:2    | Identified the +5 shield "Paebon" {*Slow Int+2 Dex+3}
                  | (Okawaru gifted it to you on level 2 of the Realm of Zot)
 80869 | Zot:2    | Noticed an orb of fire
 80890 | Zot:2    | Gained mutation: You occasionally shout uncontrollably at
                  | your foes. [an orb of fire]
 80905 | Zot:2    | Killed an orb of fire
 80905 | Zot:2    | Reached skill level 4 in Summonings
 80905 | Zot:2    | Reached skill level 7 in Translocations
 81232 | Zot:3    | Reached skill level 8 in Earth Magic
 81252 | Zot:3    | Reached skill level 9 in Necromancy
 81263 | Zot:3    | Reached skill level 5 in Summonings
 81342 | Zot:3    | Reached skill level 8 in Translocations
 81910 | Zot:3    | Reached skill level 18 in Spellcasting
 81910 | Zot:3    | Reached skill level 9 in Earth Magic
 81953 | Zot:3    | Learned a level 2 spell: Passwall
 82149 | Zot:4    | Reached skill level 10 in Necromancy
 82365 | Zot:4    | Received a gift from Okawaru
 82683 | Zot:5    | Entered Level 5 of the Realm of Zot
 82683 | Zot:5    | Found a runed translucent door.
 82683 | Zot:5    | Found a shimmering altar of Xom.
 82683 | Zot:5    | Noticed stpyramids's ghost (legendary DDFi)
 82833 | Zot:5    | Reached skill level 10 in Earth Magic
 83208 | Zot:5    | Noticed an ancient lich
 83237 | Zot:5    | Killed an ancient lich
 83237 | Zot:5    | Reached skill level 19 in Spellcasting
 83270 | Zot:5    | Reached skill level 11 in Necromancy
 83399 | Zot:5    | Noticed an orb of fire
 83401 | Zot:5    | Noticed an orb of fire
 83406 | Zot:5    | Gained mutation: Potions are less effective at restoring
                  | your health. [an orb of fire]
 83408 | Zot:5    | Gained mutation: You are dopey. (Int -2) [an orb of fire]
 83418 | Zot:5    | Killed an orb of fire
 83434 | Zot:5    | Noticed an ancient lich
 83437 | Zot:5    | Killed an orb of fire
 83437 | Zot:5    | Received a gift from Okawaru
 83437 | Zot:5    | Received a gift from Okawaru
 83438 | Zot:5    | araganzar: %? orb guardian
 83438 | Zot:5    | beem: Orb Guardian (X)
                  | Spd:
    14 | HD: 15   | HP: 71-96
                  | | AC/EV: 13/13
                  | Dam: 45
                  | doors, fighter, see invisible
                  | | Res: magic(120), drown
                  | XP:
  2770 | Sz: Giant | Int: human.
 83464 | Zot:5    | Killed an ancient lich
 83464 | Zot:5    | Received a gift from Okawaru
 83466 | Zot:5    | Reached skill level 22 in Dodging
 83475 | Zot:5    | Reached skill level 12 in Necromancy
 83485 | Zot:5    | Received a gift from Okawaru
 83500 | Zot:5    | Received a gift from Okawaru
 83573 | Zot:5    | Noticed an orb of fire
 83593 | Zot:5    | Killed an orb of fire
 83593 | Zot:5    | Reached skill level 23 in Fighting
 83855 | Zot:5    | Received a gift from Okawaru
 84004 | Zot:5    | Got the Orb of Zot
 84010 | Zot:5    | Noticed Otint the pandemonium lord
 84035 | Zot:5    | Killed Otint the pandemonium lord
 84035 | Zot:5    | Reached skill level 24 in Fighting
 84043 | Zot:5    | Lost mutation: You occasionally shout uncontrollably at
                  | your foes. [potion of mutation]
 84043 | Zot:5    | Lost mutation: You are partially covered in icy blue
                  | scales. (AC +2) [potion of mutation]
 84043 | Zot:5    | Lost mutation: You possess an exceptional clarity of mind.
                  | [potion of mutation]
 84043 | Zot:5    | Lost mutation: Potions are less effective at restoring your
                  | health. [potion of mutation]
 84043 | Zot:5    | Lost mutation: Armour fits poorly on your strangely shaped
                  | body. [potion of mutation]
 84043 | Zot:5    | Lost mutation: You are dopey. (Int -2) [potion of mutation]
 84043 | Zot:5    | Gained mutation: You possess an exceptional clarity of
                  | mind. [potion of mutation]
 84214 | Depths:4 | Noticed Jait the pandemonium lord
 84665 | D:$      | Escaped with the Orb!

Vanquished Creatures
  the Royal Jelly (Slime:5)
  A pandemonium lord (Zot:5)
  2 ancient liches (Zot:5)
  5 orbs of fire
  A juggernaut (Depths:3)
  A greater mummy (Crypt:3)
  The ghost of Qiwept the Fencer, a veteran BaIE of Cheibriados (Depths:4)
  6 Killer Klowns (Zot:5)
  A curse toe (Zot:3)
  Nikola (Spider:3)
  A profane servitor (Abyss:3)
  9 golden dragons
  A bone dragon (Depths:5)
  Arachne (Spider:4)
  2 electric golems (Zot:5)
  Rupert (Lair:5)
  10 tentacled monstrosities
  2 deep elf blademasters
  7 liches
  22 Orb Guardians
  4 titans
  15 acid blobs
  A deep elf master archer (Elf:3)
  Asterion (Spider:1)
  5 death cobs
  4 quicksilver dragons
  19 tentacled starspawn
  3 sphinxes
  An ancient champion (Crypt:1)
  2 Executioners (Abyss:3)
  8 tengu reavers
  Agnes (D:14)
  9 shadow dragons
  12 storm dragons
  Roxanne (Swamp:1)
  4 draconian monks
  A thorn hunter (Swamp:4)
  2 revenants
  11 fire giants
  4 azure jellies
  An azure jelly (shapeshifter) (Vaults:5)
  6 ghost moths
  3 draconian scorchers
  3 balrugs
  Aizul (Swamp:4)
  3 iron dragons
  12 deep elf sorcerers
  16 frost giants
  24 vault wardens
  A cacodemon (Abyss:3)
  4 draconian knights
  A warmonger (Depths:1)
  5 ghouls
  5 deep elf elementalists
  9 emperor scorpions
  2 curse skulls
  6 draconian annihilators
  3 draconian shifters
  4 reapers
  3 angels
  A spriggan defender (Depths:4)
  4 war gargoyles
  22 very ugly things
  36 large abominations
  19 ironheart preservers
  27 stone giants
  3 entropy weavers
  9 vampire knights
  3 green draconians
  4 yellow draconians
  11 deep elf annihilators
  12 deep elf demonologists
  6 red draconians
  A lorocyproca (Abyss:2)
  7 purple draconians
  6 black draconians
  A spark wasp (Spider:3)
  11 white draconians
  5 mummy priests (Crypt:3)
  12 ettins
  6 eidola
  3 blizzard demons
  21 fire dragons
  8 deep elf death magi
  A crystal guardian (Vaults:4)
  12 jiangshi
  5 death oozes (Slime:5)
  14 yaktaur captains
  Josephine (Swamp:1)
  Harold (D:9)
  5 rakshasas
  20 deep elf high priests
  13 great orbs of eyes
  A hell beast (Depths:4)
  3 spriggan air magi
  21 ice dragons
  27 vault guards
  A ghost crab (Swamp:2)
  8 death knights
  A naga warrior (Abyss:3)
  8 centaur warriors
  A shambling mangrove (Swamp:2)
  20 hydras
  8 vampire magi
  59 two-headed ogres
  An alligator (shapeshifter) (Vaults:5)
  Erica (Lair:2)
  A catoblepas (Lair:4)
  18 ogre magi
  12 deep troll earth magi
  7 hell hogs
  21 tengu warriors
  11 thrashing horrors
  6 deep troll shamans
  10 alligators
  32 dancing weapons
  12 spriggan berserkers
  5 soul eaters
  A shock serpent (shapeshifter) (Depths:1)
  A titan skeleton (Crypt:3)
  20 deep elf knights
  5 orc high priests
  A storm dragon zombie (D:15)
  3 spatial maelstroms (Abyss:3)
  8 sun demons
  12 wretched stars
  2 iron trolls
  2 fire crabs
  5 hell knights
  4 shadow wraiths
  A storm dragon skeleton (Crypt:3)
  5 sixfirhies
  2 death drakes
  A shadow demon (Depths:4)
  A quicksilver dragon simulacrum (Depths:3)
  27 skeletal warriors
  2 unseen horrors (shapeshifter)
  4 flayed ghosts
  32 deep trolls
  3 unseen horrors
  3 spriggan druids
  3 glowing orange brains
  7 swamp dragons
  44 starcursed masses
  A swamp dragon (shapeshifter) (Depths:1)
  9 wizards
  2 lindwurms (Swamp:4)
  24 deep elf archers
  2 torturous demonspawn
  6 phantasmal warriors
  15 ironbrand convokers
  18 orc knights
  8 necromancers
  13 orb spiders
  9 harpies (Vaults:1)
  18 ugly things
  2 wolf spider zombies
  8 cyclopes
  3 salamanders
  2 salamanders (shapeshifter)
  72 deep elf magi
  A glowing shapeshifter (Vaults:5)
  7 orc sorcerers
  2 worldbinders
  4 shining eyes
  26 wolf spiders
  An iron dragon skeleton (Crypt:2)
  2 apocalypse crabs (Abyss:3)
  A spriggan zombie (D:15)
  14 moths of wrath
  2 manticores
  9 elephants
  A sphinx skeleton (Depths:1)
  9 rust devils
  16 vault sentinels
  3 guardian serpents
  9 smoke demons
  A fire giant skeleton (Depths:1)
  2 molten gargoyles (Lair:6)
  4 eyes of devastation
  4 orange demons (Abyss:3)
  Joseph (D:9)
  7 black mambas
  2 guardian serpents (shapeshifter)
  An ice statue (Depths:3)
  2 gargoyles
  2 torpor snails
  Maggie (D:6)
  A kobold demonologist (D:11)
  A yaktaur zombie (D:15)
  47 yaktaurs
  A purple draconian zombie (Crypt:2)
  19 spiny frogs
  A redback zombie (Crypt:1)
  39 small abominations
  9 rime drakes
  2 hellions (Abyss:3)
  A komodo dragon (shapeshifter) (Vaults:5)
  A green draconian zombie (Crypt:3)
  13 komodo dragons
  15 demonic crawlers
  13 freezing wraiths
  A tormentor (Abyss:1)
  3 efreet
  A yaktaur skeleton (Depths:1)
  2 yaktaurs (shapeshifter)
  A queen ant zombie (Crypt:1)
  A death yak skeleton (Crypt:3)
  33 guardian mummies
  10 tengu conjurers
  A hydra zombie (Crypt:1)
  5 hellwings
  9 trolls
  An elf skeleton (D:15)
  3 ice devils
  17 ancient zymes
  29 jumping spiders
  8 red devils
  A polar bear (Lair:6)
  27 hornets
  A yellow draconian skeleton (Crypt:2)
  A wind drake (shapeshifter) (Vaults:5)
  An ice dragon zombie (Abyss:3)
  A sphinx simulacrum (Vaults:2)
  A deep troll zombie (Depths:1)
  93 slime creatures
  14 tyrant leeches
  A hornet (shapeshifter) (Vaults:3)
  11 bog bodies
  2 human simulacra
  7 dream sheep (Lair:6)
  19 raiju
  A fire dragon zombie (Crypt:2)
  15 hippogriffs
  30 blink frogs
  2 air elementals
  A meliai zombie (D:13)
  8 shadows
  3 vampires
  9 flying skulls
  11 spriggans
  A redback (shapeshifter) (Vaults:5)
  69 redbacks
  37 yaks
  7 ynoxinuls
  2 water elementals
  23 tarantellas
  6 wyverns
  15 wraiths
  5 basilisks
  3 fire elementals
  2 fire bats (Abyss:3)
  A golden eye (shapeshifter) (Depths:5)
  6 golden eyes
  7 chaos spawn
  6 hungry ghosts
  6 ushabtiu (Crypt:3)
  10 steam dragons
  38 vampire mosquitoes
  5 neqoxecs
  A soldier ant (shapeshifter) (Depths:3)
  A glowing shapeshifter zombie (Crypt:2)
  3 wargs
  5 spatial vortices (Abyss:3)
  2 nagas (Abyss:3)
  A merfolk zombie (Crypt:1)
  8 insubstantial wisps (Swamp:1)
  A soldier ant (D:14)
  22 swamp worms
  A water moccasin (shapeshifter) (Vaults:5)
  An acid dragon (D:14)
  10 hell hounds
  10 water moccasins
  A two-headed ogre skeleton (Crypt:2)
  6 porcupines
  40 orc warriors
  11 swamp drakes
  9 ice beasts
  5 ettin simulacra (Depths:3)
  2 black bears (D:7)
  A phantom (D:14)
  A black bear (shapeshifter) (Vaults:2)
  6 eyes of draining
  15 boggarts
  2 sky beasts
  2 eyes of draining (shapeshifter)
  A fire dragon simulacrum (Abyss:1)
  4 wolves (Lair:1)
  6 necrophages
  An elephant skeleton (Crypt:3)
  45 ogres
  20 centaurs
  A tengu (shapeshifter) (Vaults:3)
  18 crocodiles
  2 big kobolds
  A hog skeleton (Crypt:3)
  19 bullfrogs
  2 gnoll sergeants
  A wyvern zombie (D:10)
  A cyclops zombie (Crypt:2)
  4 scorpions
  An earth elemental (Elf:1)
  A troll zombie (Crypt:2)
  A raiju skeleton (Crypt:1)
  9 killer bees
  4 howler monkeys
  7 wights
  7 electric eels
  16 crimson imps
  5 lava snakes
  2 bullfrog zombies (D:7)
  2 centaur zombies
  8 quasits
  3 human zombies (Crypt:1)
  8 hounds
  26 orc priests
  4 jellies
  4 gnoll shamans
  6 centaur skeletons
  4 iron imps
  2 bullfrog skeletons
  Terence (D:2)
  2 iguanas
  27 orc wizards
  6 worker ants
  2 hound zombies
  3 hound skeletons
  14 mummies
  2 worker ant zombies
  Robin (D:4)
  75 gnolls
  3 howler monkey skeletons
  13 adders
  9 shadow imps
  A steam dragon skeleton (Crypt:1)
  4 white imps
  3 ufetubi
  An ooze (D:2)
  4 adder zombies
  3 adder skeletons
  A barachi skeleton (Crypt:3)
  2 dart slugs
  3 leopard geckos
  121 orcs
  2 giant cockroaches
  8 goblins
  10 hobgoblins
  25 jackals
  2 quokkas
  3 bats
  A dart slug zombie (Crypt:1)
  3 frilled lizards
  A frilled lizard zombie (Crypt:1)
  A jackal skeleton (D:5)
  16 kobolds
  A leopard gecko skeleton (D:6)
  An orc zombie (Crypt:1)
  4 rats
  6 crawling corpses
  A fire vortex (Swamp:4)
  A lurking horror (Abyss:3)
  A plant (D:10)
  13 starspawn tentacles
3057 creatures vanquished.

Vanquished Creatures (collateral kills)
  An ironheart preserver (Vaults:2)
  A black draconian (Depths:5)
  A rakshasa (Depths:1)
  2 two-headed ogres
  A quicksilver dragon simulacrum (Depths:3)
  An orc knight (Vaults:1)
  An ettin simulacrum (Depths:3)
  An ogre (Depths:3)
9 creatures vanquished.

Vanquished Creatures (others)
  A storm dragon (Depths:5)
  A purple draconian (Zot:2)
  An ogre mage (Depths:1)
  A two-headed ogre (Volcano)
  A hell hog (Abyss:1)
  A necromancer (Depths:3)
  2 deep elf magi
  A centaur zombie (D:10)
  A guardian mummy (Crypt:3)
  A blink frog (Lair:5)
  A raiju (Abyss:1)
  A redback (Spider:3)
  A tarantella (Spider:3)
  A vampire mosquito (Swamp:4)
  4 swamp drakes (Swamp:4)
  2 small abominations
  An ogre (Vaults:5)
  2 centaurs (Volcano)
  A crimson imp (Depths:2)
  A white imp (Depths:2)
  An orc (Orc:1)
  A bush (Lair:2)
  9 fungi
  6 plants
  44 starspawn tentacles
87 creatures vanquished.

Grand Total: 3153 creatures vanquished
